[Event "Titled Tuesday Blitz February 21 Early 2023"]
[White "Van Foreest, Jorden"]
[Black "Taboas Rodriguez, Daniel"]
[WhiteFideId "1039784"]
[BlackFideId "2208466"]
[WhiteElo "2689"]
[BlackElo "2371"]
[Result "1-0"]
[Round "03"]
[TimeControl "180+2"]
[Date "2023.02.21"]
[WhiteClock "0:01:45"]
[BlackClock "0:00:49"]

1. d4 Nf6 2. Nf3 g6 3. c4 Bg7 4. Nc3 O-O 5. e3 b6 6. g3 Bb7 7. Bg2 d5 8. Ne5 e6 9. O-O c5 10. dxc5 bxc5 11. Bd2 Nc6 12. Nd3 Qe7 13. cxd5 exd5 14. Nxd5 Nxd5 15. Bxd5 Rad8 16. e4 Ne5 17. Nxe5 Bxd5 18. exd5 Qxe5 19. Bc3 Qxd5 20. Qxd5 Rxd5 21. Rfd1 Rfd8 22. Rxd5 Rxd5 23. Rc1 f5 24. Kf1 Bxc3 25. Rxc3 Kf7 26. Ra3 Rd7 27. Ra6 Rc7 28. Ke2 Ke7 29. Kd3 Kd7 30. Kc4 Ke7 31. b3 f4 32. gxf4 Kf7 33. Kd5 Kg7 34. Kd6 Rf7 35. Kxc5 Rxf4 36. Rxa7+ Kh6 37. b4 Rxf2 38. b5 Rxh2 39. b6 Rb2 40. b7 g5 41. Ra6+ Kh5 42. Rb6 1-0


[Site "https://www.chess.com"]

[Event "Titled Tuesday Blitz February 21 Early 2023"]
[White "Shimanov, Aleksandr"]
[Black "Omelja, Artem"]
[WhiteFideId "4198603"]
[BlackFideId "14119846"]
[WhiteElo "2581"]
[BlackElo "2446"]
[Result "1-0"]
[Round "03"]
[TimeControl "180+2"]
[Date "2023.02.21"]
[WhiteClock "0:00:05"]
[BlackClock "0:00:01"]

1. d4 d5 2. c4 c6 3. Nc3 e6 4. e3 Nf6 5. Bd3 Nbd7 6. f4 dxc4 7. Bxc4 b5 8. Bd3 Bb7 9. Nf3 a6 10. O-O c5 11. Qe2 Qb6 12. Kh1 Be7 13. b3 O-O 14. Bb2 Rfd8 15. Rad1 Rac8 16. Ne5 cxd4 17. exd4 Bb4 18. Nb1 Nd5 19. f5 N7f6 20. fxe6 fxe6 21. Nd2 Bc3 22. Ne4 Bxb2 23. Nxf6+ Nxf6 24. Qxb2 Ne4 25. Nf3 Nc3 26. Rde1 Bxf3 27. Rxf3 Rxd4 28. Qf2 Rd6 29. Qh4 h6 30. Ref1 Rdd8 31. Bg6 Qd4 32. Qe7 1-0


[Site "https://www.chess.com"]

[Event "Titled Tuesday Blitz February 21 Early 2023"]
[White "Tang, Andrew"]
[Black "Bethke, Richard"]
[WhiteFideId "2059630"]
[BlackFideId "12959243"]
[WhiteElo "2523"]
[BlackElo "2382"]
[Result "1-0"]
[Round "03"]
[TimeControl "180+2"]
[Date "2023.02.21"]
[WhiteClock "0:00:19"]
[BlackClock "0:00:01"]

1. d4 f5 2. Nf3 Nf6 3. g3 d5 4. Bg2 e6 5. O-O Bd6 6. b3 O-O 7. c4 b6 8. Bb2 Bb7 9. Ne5 Nbd7 10. Nd2 c5 11. e3 Bxe5 12. dxe5 Ng4 13. cxd5 Ndxe5 14. h3 Nd3 15. hxg4 Nxb2 16. Qc2 Bxd5 17. Qxb2 Bxg2 18. Kxg2 Qd5+ 19. Kg1 fxg4 20. Rad1 Rf6 21. Nc4 Qh5 22. Qe5 Qg6 23. Rd2 Raf8 24. Rfd1 h5 25. Nd6 h4 26. Qe4 Qh5 27. Qh1 h3 28. Rf1 Rf3 29. Nc4 Qf5 30. Qh2 Qe4 31. Re2 b5 32. Nd2 Qd3 33. Rfe1 R3f7 34. Qh1 Rd8 35. Qe4 1-0


[Site "https://www.chess.com"]

[Event "Titled Tuesday Blitz February 21 Early 2023"]
[White "Manukyan, Artyom"]
[Black "Demchenko, Anton"]
[WhiteFideId "13305786"]
[BlackFideId "4160258"]
[WhiteElo "2110"]
[BlackElo "2623"]
[Result "0-1"]
[Round "03"]
[TimeControl "180+2"]
[Date "2023.02.21"]
[WhiteClock "0:00:02"]
[BlackClock "0:00:12"]

1. e4 c5 2. Nc3 d6 3. f4 e6 4. Nf3 Bd7 5. Bc4 Nc6 6. O-O Be7 7. d3 Nf6 8. Qe1 Nd4 9. Nxd4 cxd4 10. Ne2 d5 11. exd5 exd5 12. Bb3 Qb6 13. Bd2 a5 14. a4 O-O 15. Qf2 Rfe8 16. h3 Bc5 17. Rae1 Ne4 18. dxe4 d3 19. Nd4 Bxd4 20. Be3 Bxe3 21. Qxe3 Qxe3+ 22. Rxe3 dxc2 23. Bxc2 Rac8 24. Re2 Rc4 25. Rd1 Bxa4 26. Bxa4 Rxa4 27. Rxd5 g6 28. Rb5 Re7 29. g3 Rc7 30. e5 Kf8 31. Kf2 Ra1 32. h4 a4 33. Rb4 Ra2 34. Kf3 a3 35. bxa3 Rxa3+ 36. Kf2 Rcc3 37. Rxb7 Rf3+ 38. Ke1 Rxg3 39. Rc2 Ra1+ 40. Kf2 Rh3 41. Rc8+ Kg7 42. Rcc7 Ra2+ 43. Kg1 Rg3+ 44. Kh1 Kh6 45. Rxf7 Kh5 46. Rxh7+ Kg4 47. Rbg7 Kh3 48. h5 Ra1# 0-1


[Site "https://www.chess.com"]

[Event "Titled Tuesday Blitz February 21 Early 2023"]
[White "Garv Gaur"]
[Black "Yilmaz, Mustafa"]
[WhiteFideId "45030839"]
[BlackFideId "6302718"]
[WhiteElo "2006"]
[BlackElo "2641"]
[Result "0-1"]
[Round "03"]
[TimeControl "180+2"]
[Date "2023.02.21"]
[WhiteClock "0:00:05"]
[BlackClock "0:00:03"]

1. d4 Nf6 2. Nf3 d5 3. c4 e6 4. g3 dxc4 5. Bg2 a6 6. Ne5 Bb4+ 7. Nc3 Nd5 8. Bd2 Nb6 9. e3 N8d7 10. Nxd7 Qxd7 11. O-O O-O 12. Qc2 Qe7 13. Ne4 a5 14. Rac1 e5 15. dxe5 Qxe5 16. a3 Be7 17. Bc3 Qh5 18. Bd4 c5 19. Bc3 Bf5 20. Rfd1 Rfe8 21. Qd2 Bg4 22. Re1 Red8 23. Qc2 Bf5 24. Red1 Qg6 25. Rxd8+ Bxd8 26. f3 Bxe4 27. fxe4 Bg5 28. Qe2 Na4 29. h4 Bh6 30. Kh2 Nxc3 31. Rxc3 b5 32. a4 bxa4 33. Qxc4 Qb6 34. Qxc5 Qxc5 35. Rxc5 Bxe3 36. Rc4 g6 37. Rxa4 Bd2 38. Bf1 Bb4 39. Bc4 Rc8 40. b3 Rd8 41. Bd5 Kg7 42. Ra1 Rc8 43. Bc4 Rd8 44. Bd5 f5 45. Rc1 fxe4 46. Bxe4 Rd2+ 47. Kh3 Rd4 48. Rc4 Rd1 49. Rc7+ Kh8 50. Rc8+ Kg7 51. Rc7+ Kg8 52. Rc8+ Bf8 53. Bf3 Rd3 54. Bg4 Re3 55. h5 Kg7 56. hxg6 hxg6 57. Bd1 Bd6 58. Rc6 Rxg3+ 59. Kh4 Rd3 60. Bg4 Be7+ 0-1


[Site "https://www.chess.com"]

[Event "Titled Tuesday Blitz February 21 Early 2023"]
[White "Ferreira, Vitor Hugo Vieira"]
[Black "Zhigalko, Sergei"]
[WhiteFideId "2119765"]
[BlackFideId "13502956"]
[WhiteElo "2128"]
[BlackElo "2572"]
[Result "0-1"]
[Round "03"]
[TimeControl "180+2"]
[Date "2023.02.21"]
[WhiteClock "0:02:49"]
[BlackClock "0:02:21"]

1. Nf3 d5 2. g3 c6 3. Bg2 Bg4 4. O-O Nd7 5. c4 e6 6. cxd5 exd5 7. d3 Ngf6 8. Nc3 Bc5 9. e4 dxe4 10. dxe4 O-O 11. Bf4 Re8 12. h3 Bh5 13. g4 Bg6 14. e5 Ne4 15. Re1 Nxf2 0-1


[Site "https://www.chess.com"]

[Event "Titled Tuesday Blitz February 21 Early 2023"]
[White "Sanal, Vahap"]
[Black "Baches Garcia, Guillermo"]
[WhiteFideId "6300545"]
[BlackFideId "2209764"]
[WhiteElo "2600"]
[BlackElo "2327"]
[Result "1-0"]
[Round "03"]
[TimeControl "180+2"]
[Date "2023.02.21"]
[WhiteClock "0:01:01"]
[BlackClock "0:00:02"]

1. c4 e5 2. e3 Nf6 3. a3 c5 4. d3 Nc6 5. Nf3 Be7 6. Be2 O-O 7. O-O d5 8. cxd5 Nxd5 9. b3 Be6 10. Bb2 f6 11. Nbd2 Qe8 12. Rc1 Rd8 13. Qc2 g5 14. Ne4 g4 15. Nfd2 b6 16. Nc3 f5 17. Nxd5 Bxd5 18. e4 Be6 19. exf5 Bxf5 20. Ne4 Nd4 21. Bxd4 Rxd4 22. b4 cxb4 23. axb4 Bxb4 24. f3 gxf3 25. Bxf3 Qg6 26. Qa2+ Kh8 27. Qxa7 Rg8 28. Qc7 Bd6 29. Nxd6 Rxd6 30. Qc3 Bxd3 31. Qxe5+ Rf6 32. Rf2 1-0


[Site "https://www.chess.com"]

[Event "Titled Tuesday Blitz February 21 Early 2023"]
[White "Bachmann, Axel"]
[Black "Sai Han Thiha"]
[WhiteFideId "3700488"]
[BlackFideId "13012290"]
[WhiteElo "2604"]
[BlackElo "2070"]
[Result "1-0"]
[Round "03"]
[TimeControl "180+2"]
[Date "2023.02.21"]
[WhiteClock "0:00:56"]
[BlackClock "0:00:02"]

1. Nf3 Nf6 2. c4 g6 3. b3 Bg7 4. Bb2 O-O 5. g3 c5 6. Bg2 d5 7. cxd5 Qxd5 8. Nc3 Qd6 9. Rc1 Bd7 10. O-O Bc6 11. d4 cxd4 12. Qxd4 Qxd4 13. Nxd4 Bxg2 14. Kxg2 Nbd7 15. Rfd1 Rac8 16. e4 a6 17. f3 Rfd8 18. Na4 Rxc1 19. Rxc1 Ne8 20. Ne2 b5 21. Bxg7 Kxg7 22. Nac3 Nb6 23. Kf2 e6 24. Ke3 Nf6 25. Nd4 Rd6 26. Nce2 e5 27. Nc6 Nfd7 28. Na5 f5 29. Rc7 Kf6 30. Nb7 Re6 31. Nc3 Re7 32. Nd5+ Nxd5+ 33. exd5 Nb6 34. Rc6+ Kf7 35. Rxb6 Rd7 36. d6 Ke6 37. Nc5+ 1-0


[Site "https://www.chess.com"]

[Event "Titled Tuesday Blitz February 21 Early 2023"]
[White "Anuj, Shrivatri"]
[Black "Mendez Fortes, Eduardo Jesus"]
[WhiteFideId "35070924"]
[BlackFideId "3502376"]
[WhiteElo "2407"]
[BlackElo "2250"]
[Result "1-0"]
[Round "03"]
[TimeControl "180+2"]
[Date "2023.02.21"]
[WhiteClock "0:01:51"]
[BlackClock "0:00:10"]

1. Nf3 d5 2. d4 Nf6 3. c4 e6 4. Nc3 Bb4 5. cxd5 exd5 6. Bg5 h6 7. Bh4 O-O 8. e3 Bf5 9. Be2 g5 10. Bg3 Ne4 11. Nd2 Bxc3 12. bxc3 Nxc3 13. Qb3 Nxe2 14. Kxe2 Nc6 15. Qxb7 Nxd4+ 16. exd4 Qe8+ 17. Kf1 Rb8 18. Qxd5 Bd3+ 19. Kg1 Qe2 20. Nf3 Rb5 21. Qc6 Be4 22. Qxh6 Rfb8 23. h4 Bxf3 24. gxf3 Qxf3 25. Re1 Rb1 26. Qxg5+ Kh8 27. Kh2 R1b2 28. Be5+ 1-0


[Site "https://www.chess.com"]

[Event "Titled Tuesday Blitz February 21 Early 2023"]
[White "Khamdamova, Afruza"]
[Black "Kravtsiv, Martyn"]
[WhiteFideId "14210444"]
[BlackFideId "14113147"]
[WhiteElo "2162"]
[BlackElo "2598"]
[Result "0-1"]
[Round "03"]
[TimeControl "180+2"]
[Date "2023.02.21"]
[WhiteClock "0:00:08"]
[BlackClock "0:00:08"]

1. e4 c6 2. d4 d5 3. Nc3 dxe4 4. Nxe4 Nf6 5. Nxf6+ exf6 6. c3 Bd6 7. Bd3 O-O 8. Qc2 g6 9. Ne2 Qc7 10. h4 Re8 11. Be3 Nd7 12. O-O-O Nf8 13. h5 Bg4 14. hxg6 fxg6 15. Rh4 f5 16. g3 Bxe2 17. Bxe2 Bxg3 18. Bc4+ Kh8 19. Rh3 Bf4 20. Rdh1 Re7 21. Kb1 Bxe3 22. fxe3 Rae8 23. Qf2 Qd7 24. a3 Rg7 25. Qh4 h5 26. Qg5 Qe7 27. Qf4 Qe4+ 28. Qxe4 Rxe4 29. Bd3 Re8 30. Re1 Rge7 31. Kc2 Kg7 32. Kd2 Kh6 33. Rg1 Rd8 34. b4 Rd6 35. a4 Rf6 36. Rf1 Ne6 37. Rg3 Ng5 38. a5 h4 39. Rgg1 Ne4+ 40. Bxe4 Rxe4 41. c4 g5 42. b5 h3 43. Kd3 Rh4 44. a6 bxa6 45. bxc6 Rxc6 46. Rxf5 h2 47. Rh1 g4 48. Rf2 g3 49. Rg2 Rg6 50. Ke2 Kh5 51. Kf3 Rh3 52. c5 Rf6+ 53. Ke2 Kg4 54. d5 Rh5 55. c6 Rxd5 56. Rhxh2 Rxc6 57. e4 Rc2+ 58. Ke3 Rc3+ 59. Ke2 Rb5 60. Kd2 Ra3 61. Kc1 Ra1+ 62. Kc2 Ra2+ 63. Kc3 Rxg2 64. Rxg2 Kf3 65. Rg1 g2 0-1


[Site "https://www.chess.com"]

[Event "Titled Tuesday Blitz February 21 Early 2023"]
[White "Womacka, Mathias"]
[Black "Rustemov, Alexander"]
[WhiteFideId "4611390"]
[BlackFideId "4119002"]
[WhiteElo "2396"]
[BlackElo "2525"]
[Result "0-1"]
[Round "03"]
[TimeControl "180+2"]
[Date "2023.02.21"]
[WhiteClock "0:00:07"]
[BlackClock "0:00:35"]

1. e4 e6 2. d4 d5 3. Nd2 dxe4 4. Nxe4 Bd7 5. Nf3 Bc6 6. Bd3 Nd7 7. O-O Ngf6 8. Ned2 Be7 9. Nc4 Bd5 10. Nce5 c5 11. dxc5 Bxc5 12. Nxd7 Nxd7 13. Qe2 O-O 14. Bf4 Qe7 15. Rad1 Rad8 16. Be4 Bxe4 17. Qxe4 Nf6 18. Qe2 h6 19. h3 a6 20. c4 Rfe8 21. Ne5 Bd6 22. Rd3 Bxe5 23. Bxe5 Rxd3 24. Qxd3 Rd8 25. Qe2 Ne8 26. Rd1 f6 27. Bc3 Rxd1+ 28. Qxd1 e5 29. Qd5+ Qf7 30. Qxf7+ Kxf7 31. f3 h5 32. g4 hxg4 33. hxg4 Ke6 34. Kf2 Nd6 35. b3 g6 36. Bb4 Nf7 37. Ke3 f5 38. gxf5+ gxf5 39. Bf8 f4+ 40. Ke2 Kf5 41. b4 e4 42. fxe4+ Kxe4 43. b5 f3+ 44. Kf2 Ne5 45. bxa6 bxa6 46. c5 Nd3+ 47. Kf1 Kd5 48. Be7 Kc6 49. Bf8 Kb5 50. Be7 a5 51. Bf8 a4 52. Be7 Kc6 53. Bf8 a3 54. Be7 Nb4 55. Kf2 Nxa2 56. Kxf3 Nb4 57. Ke2 Nd5 58. Bf8 Nc3+ 59. Kd3 a2 60. Kxc3 a1=Q+ 61. Kc4 Qf1+ 0-1


[Site "https://www.chess.com"]

[Event "Titled Tuesday Blitz February 21 Early 2023"]
[White "Samsonkin, Artiom"]
[Black "Golubev, Mikhail"]
[WhiteFideId "13503111"]
[BlackFideId "14100983"]
[WhiteElo "2420"]
[BlackElo "2461"]
[Result "1-0"]
[Round "03"]
[TimeControl "180+2"]
[Date "2023.02.21"]
[WhiteClock "0:00:21"]
[BlackClock "0:00:09"]

1. e4 c5 2. Nf3 d6 3. Bb5+ Bd7 4. Bxd7+ Nxd7 5. O-O Ngf6 6. Qe2 e6 7. b3 g6 8. Bb2 Bg7 9. c4 O-O 10. d4 cxd4 11. Bxd4 a6 12. Nc3 Rc8 13. Rfd1 Qa5 14. Qb2 b5 15. b4 Qc7 16. c5 dxc5 17. bxc5 Nxc5 18. Rac1 Qe7 19. Qa3 Nfd7 20. e5 Rfe8 21. Ne4 b4 22. Qxb4 Rb8 23. Bxc5 Nxc5 24. Qxc5 1-0


[Site "https://www.chess.com"]

[Event "Titled Tuesday Blitz February 21 Early 2023"]
[White "Bambino Filho, Antonio Carlos"]
[Black "Galchenko, Matvey"]
[WhiteFideId "2113163"]
[BlackFideId "24175480"]
[WhiteElo "2144"]
[BlackElo "2438"]
[Result "0-1"]
[Round "03"]
[TimeControl "180+2"]
[Date "2023.02.21"]
[WhiteClock "0:00:04"]
[BlackClock "0:00:05"]

1. e4 e6 2. Nc3 d5 3. Nf3 d4 4. Ne2 c5 5. Ng3 a6 6. a4 h5 7. h4 Nc6 8. Bc4 Bd6 9. d3 Qc7 10. Ne2 Nf6 11. g3 Bd7 12. Bf4 Bxf4 13. gxf4 Na5 14. b3 b5 15. e5 Ng4 16. b4 bxc4 17. bxa5 Bc6 18. Rh3 c3 19. Ng5 Qxa5 20. Ng3 Bg2 21. N3e4 Bxh3 22. Nd6+ Ke7 23. Ngxf7 Rhb8 24. Qf3 Qxa4 25. Rc1 Qa3 26. Kd1 Bf1 27. f5 Nxe5 28. Qf4 Ng4 29. fxe6 Kxe6 30. Ng5+ Kd7 31. Nc4 Qxc1+ 32. Kxc1 Rf8 33. Qd6+ Ke8 34. Qe6+ Kd8 35. Qd6+ Ke8 36. Qc6+ Ke7 37. Qxc5+ Kf6 38. Qxd4+ Kg6 39. Qxc3 Rae8 40. Qd4 Nxf2 41. Ne5+ Kf5 42. Nef3 Ng4 43. Qd5+ Kf4 44. Qd6+ Ke3 45. Qd4+ Ke2 46. Ne5 Bg2 47. Ngf3 Bxf3 48. Nxf3 Rxf3 49. Kb2 Ne3 50. Qxg7 Rb8+ 51. Kc3 Nd5+ 52. Kd4 Nf4 53. Qe5+ Kf2 54. Qxb8 Ne2+ 55. Kc4 Rf4+ 56. Kc5 Rxh4 57. d4 Rxd4 58. Qh2+ Ke3 59. Qxh5 Re4 60. Qh3+ Kd2 61. c4 Nc3 62. Qh6+ Kd3 63. Kb6 Kxc4 64. Kxa6 Rd4 65. Qh3 Nd5 66. Qf1+ Kc5 67. Qf8+ Kc4 68. Qf1+ Kc3 69. Qf2 Rd3 70. Qc5+ Kb2 71. Qxd5 Rxd5 0-1


[Site "https://www.chess.com"]

[Event "Titled Tuesday Blitz February 21 Early 2023"]
[White "Pichot, Alan"]
[Black "Buchenau, Frank"]
[WhiteFideId "110973"]
[BlackFideId "4604350"]
[WhiteElo "2638"]
[BlackElo "2222"]
[Result "1-0"]
[Round "03"]
[TimeControl "180+2"]
[Date "2023.02.21"]
[WhiteClock "0:00:03"]
[BlackClock "0:00:10"]

1. e4 e6 2. Qe2 c5 3. g3 Nc6 4. c3 g6 5. Bg2 Bg7 6. d3 Nge7 7. f4 O-O 8. Nf3 d5 9. O-O b6 10. e5 Bb7 11. Nbd2 Nf5 12. Rd1 b5 13. Nf1 d4 14. g4 Nh4 15. Nxh4 Qxh4 16. Ng3 f6 17. Ne4 fxe5 18. Nxc5 Qe7 19. Nxb7 Qxb7 20. fxe5 Qb6 21. Qe4 Rac8 22. Kh1 Rf2 23. cxd4 Qxd4 24. Qxd4 Nxd4 25. Be3 Rxg2 26. Kxg2 Nc2 27. Bxa7 Nxa1 28. Rxa1 Rc2+ 29. Kf3 Rxb2 30. d4 Rxh2 31. a4 b4 32. Bc5 b3 33. a5 Ra2 34. Rb1 b2 35. a6 Bh6 36. a7 Bc1 37. d5 exd5 38. e6 Kg7 39. g5 h5 40. gxh6+ Bxh6 41. Rxb2 Ra6 42. Rb8 Rxa7 43. Bxa7 Kf6 44. Re8 Bd2 45. Bd4+ 1-0


[Site "https://www.chess.com"]

[Event "Titled Tuesday Blitz February 21 Early 2023"]
[White "Erzhanov, Arman"]
[Black "Urazayev, Arystanbek"]
[WhiteFideId "4138821"]
[BlackFideId "13709810"]
[WhiteElo "2228"]
[BlackElo "2460"]
[Result "0-1"]
[Round "03"]
[TimeControl "180+2"]
[Date "2023.02.21"]
[WhiteClock "0:00:09"]
[BlackClock "0:01:42"]

1. e4 c5 2. Nf3 e6 3. b3 a6 4. Bb2 d5 5. exd5 exd5 6. d4 Nc6 7. Be2 Nf6 8. O-O Be7 9. dxc5 Bxc5 10. Nc3 O-O 11. Na4 Ba7 12. Bxf6 Qxf6 13. Qxd5 Bg4 14. Rad1 Rfe8 15. Rfe1 Rad8 16. Qc4 Rxd1 17. Rxd1 Ne5 18. Qc3 b5 19. Qc7 Bxf3 20. Bxf3 Nxf3+ 21. gxf3 Qxf3 22. Rf1 Bxf2+ 23. Rxf2 Re1+ 0-1


[Site "https://www.chess.com"]

[Event "Titled Tuesday Blitz February 21 Early 2023"]
[White "Sanchez, Robert"]
[Black "Ozen, Bahadir"]
[WhiteFideId "2034360"]
[BlackFideId "6337058"]
[WhiteElo "1966"]
[BlackElo "2369"]
[Result "0-1"]
[Round "03"]
[TimeControl "180+2"]
[Date "2023.02.21"]
[WhiteClock "0:00:08"]
[BlackClock "0:00:10"]

1. e4 d6 2. d4 Nf6 3. Nc3 e5 4. Nf3 Nbd7 5. Bc4 Be7 6. a4 O-O 7. O-O c6 8. Bb3 exd4 9. Nxd4 Nc5 10. Re1 Nxb3 11. Nxb3 Re8 12. h3 a5 13. Qf3 Nd7 14. Bf4 Ne5 15. Qe2 Bf8 16. Rad1 Qb6 17. Be3 Qa6 18. Qh5 Nc4 19. Bc1 Qb6 20. Rd3 g6 21. Qh4 Be6 22. Ne2 Ne5 23. Rg3 Qb4 24. Bd2 Qc4 25. Bc3 f5 26. Ned4 f4 27. Qxf4 Bg7 28. Nxe6 Rxe6 29. Qd2 Rf8 30. f4 Bh6 31. Rg5 Bxg5 32. fxg5 b6 33. Bxe5 Rxe5 34. Qxd6 Rxe4 35. Rd1 Re2 36. Nd4 Ref2 37. b3 Qf7 38. Ne6 Rf1+ 39. Kh2 Rxd1 40. Qe5 Rd5 0-1


[Site "https://www.chess.com"]

[Event "Titled Tuesday Blitz February 21 Early 2023"]
[White "Pakleza, Zbigniew"]
[Black "Mazurkiewicz, Michal"]
[WhiteFideId "1119290"]
[BlackFideId "1124943"]
[WhiteElo "2494"]
[BlackElo "2145"]
[Result "1-0"]
[Round "03"]
[TimeControl "180+2"]
[Date "2023.02.21"]
[WhiteClock "0:01:32"]
[BlackClock "0:00:02"]

1. d4 Nf6 2. Nf3 g6 3. Bf4 Bg7 4. e3 O-O 5. Be2 d6 6. h3 Nc6 7. O-O Re8 8. c3 Nd7 9. Bh2 e5 10. b4 f5 11. b5 Ne7 12. Qb3+ Kh8 13. Ng5 Rf8 14. Ne6 Qe8 15. Nxc7 Qd8 16. Nxa8 b6 17. Qa3 Bb7 18. Qxd6 Bxa8 19. Nd2 Nd5 20. Rac1 Rf6 21. Qa3 Bf8 22. Qxa7 Bd6 23. Nc4 Bc7 24. dxe5 Re6 25. Rfd1 Nxe5 26. Nxe5 Bxe5 27. Bxe5+ Rxe5 28. c4 Re7 29. Qa3 Rd7 30. cxd5 Bxd5 31. Qb2+ Kg8 32. Rxd5 Rxd5 33. Bc4 1-0


[Site "https://www.chess.com"]

[Event "Titled Tuesday Blitz February 21 Early 2023"]
[White "Guliev, Logman"]
[Black "Fier, Alexandr"]
[WhiteFideId "13400061"]
[BlackFideId "2107139"]
[WhiteElo "2250"]
[BlackElo "2589"]
[Result "0-1"]
[Round "03"]
[TimeControl "180+2"]
[Date "2023.02.21"]
[WhiteClock "0:00:07"]
[BlackClock "0:01:39"]

1. e4 Nf6 2. e5 Nd5 3. d4 d6 4. Nf3 Bg4 5. Be2 e6 6. O-O Be7 7. c4 Nb6 8. Nc3 O-O 9. Be3 Nc6 10. exd6 cxd6 11. d5 exd5 12. Nxd5 Nxd5 13. Qxd5 Bf6 14. h3 Be6 15. Qd2 d5 16. cxd5 Qxd5 17. Rfd1 Rfd8 18. Qe1 Qe4 19. Rxd8+ Rxd8 20. Bb5 Bxb2 21. Rb1 Bf6 22. Bxc6 Qxc6 23. Bxa7 Ra8 24. Bd4 Be7 25. Rc1 Qd5 26. Rd1 Qxa2 27. Qe5 Bf6 28. Qe4 Bxd4 29. Nxd4 Qa4 30. Qf3 Rd8 31. Qd3 h6 32. Kh2 b5 33. f4 Bc4 34. Qe4 Qxd1 0-1


[Site "https://www.chess.com"]

[Event "Titled Tuesday Blitz February 21 Early 2023"]
[White "Goltseva, Ekaterina"]
[Black "Lagno, Kateryna"]
[WhiteFideId "24173770"]
[BlackFideId "14109336"]
[WhiteElo "2283"]
[BlackElo "2558"]
[Result "0-1"]
[Round "03"]
[TimeControl "180+2"]
[Date "2023.02.21"]
[WhiteClock "0:00:01"]
[BlackClock "0:00:17"]

1. d4 Nf6 2. c4 g6 3. Nc3 d5 4. Nf3 Bg7 5. h4 c6 6. cxd5 cxd5 7. Bf4 Qb6 8. e3 O-O 9. Be2 Qxb2 10. Nb5 Qb4+ 11. Kf1 Na6 12. Ne5 Nd7 13. Rb1 Qa5 14. h5 Nxe5 15. Bxe5 Bf5 16. Rb2 Rac8 17. Nxa7 Rc3 18. Nb5 Rcc8 19. g4 Bd7 20. a4 Nb8 21. Bxg7 Kxg7 22. Kg2 Nc6 23. Bf3 Be6 24. Qe2 Qxa4 25. Ra2 Qb4 26. Rha1 Bd7 27. Rb2 Qc4 28. Qxc4 dxc4 29. Nc3 Nd8 30. Rab1 b5 31. Nxb5 c3 32. Rc2 gxh5 33. gxh5 Ne6 34. Rxc3 Rb8 35. Rcb3 Ng5 36. Nc3 Rbc8 37. e4 Nxf3 38. Kxf3 Kh6 39. Nd5 e6 40. Nf6 Ba4 41. Rb7 Rc3+ 42. Kf4 Bc2 43. Rg1 Rh3 44. Ng4+ Kxh5 45. Nf6+ Kh6 46. Ng8+ Kh5 47. Rg5+ Kh4 48. Nf6 Bd1 49. Rbb5 Rf3+ 50. Ke5 Kxg5 51. Kd6+ Kxf6 0-1


[Site "https://www.chess.com"]

[Event "Titled Tuesday Blitz February 21 Early 2023"]
[White "Aslanov, Umid"]
[Black "Weetik, Vjacheslav"]
[WhiteFideId "13412620"]
[BlackFideId "4153472"]
[WhiteElo "2273"]
[BlackElo "2423"]
[Result "1-0"]
[Round "03"]
[TimeControl "180+2"]
[Date "2023.02.21"]
[WhiteClock "0:00:25"]
[BlackClock "0:00:02"]

1. e4 c5 2. Nf3 Nc6 3. d4 cxd4 4. Nxd4 g6 5. c4 Nf6 6. Nc3 d6 7. Be2 Nxd4 8. Qxd4 Bg7 9. Be3 O-O 10. Qd2 a5 11. O-O a4 12. Bd4 Qa5 13. Rfd1 Be6 14. f3 Rfc8 15. b3 axb3 16. axb3 Qxa1 17. Rxa1 Rxa1+ 18. Kf2 Rca8 19. Na4 Ra3 20. Qb2 R3xa4 21. bxa4 Rxa4 22. g4 Bxc4 23. Bxc4 Rxc4 24. Ke2 g5 25. Kd3 Rc7 26. Qb6 Ne8 27. Bxg7 Kxg7 28. h4 h6 29. hxg5 hxg5 30. Qb5 Kf8 31. Qxg5 e5 32. Qd8 Rc5 33. Qb6 Rc7 34. Ke3 Ke7 35. f4 exf4+ 36. Kxf4 Rd7 37. g5 Nc7 38. Kf5 Ne6 39. Qb2 Rc7 40. Qf6+ Ke8 41. g6 Ng7+ 42. Qxg7 fxg6+ 43. Qxg6+ Kd7 44. Qe6+ Kc6 45. Kf6 Rd7 46. Qd5+ Kc7 47. Ke6 1-0


[Site "https://www.chess.com"]

[Event "Titled Tuesday Blitz February 21 Early 2023"]
[White "Matinian, Nikita"]
[Black "Grunberg, Mihai-Lucian"]
[WhiteFideId "24129100"]
[BlackFideId "1204149"]
[WhiteElo "2407"]
[BlackElo "2401"]
[Result "1/2-1/2"]
[Round "03"]
[TimeControl "180+2"]
[Date "2023.02.21"]
[WhiteClock "0:00:32"]
[BlackClock "0:00:22"]

1. e4 Nf6 2. e5 Nd5 3. d4 d6 4. Nf3 dxe5 5. Nxe5 c6 6. c4 Nb4 7. Be3 Bf5 8. Na3 Nd7 9. Nxd7 Qxd7 10. Be2 e6 11. O-O Be7 12. c5 O-O 13. Nc4 Bf6 14. Ne5 Bxe5 15. dxe5 Qxd1 16. Raxd1 Nxa2 17. Rd7 Rfb8 18. g4 Be4 19. f3 Bd5 20. f4 a5 21. f5 a4 22. f6 g6 23. Ra1 Nb4 24. Bd2 Nc2 25. Rb1 Nd4 26. Kf2 Nxe2 27. Kxe2 b5 28. cxb6 Rxb6 29. Ra1 h6 30. Bc3 g5 31. h4 gxh4 32. g5 hxg5 33. Rg1 Be4 34. Rxg5+ Bg6 35. Bd4 Rb5 36. Kf3 a3 37. bxa3 Rxa3+ 38. Kg4 Rd5 39. Rxd5 cxd5 40. Kxh4 Ra4 41. Rg4 Kh7 42. Kg5 Bf5 43. Rh4+ Kg8 44. Kh6 Rc4 45. Kg5 Ra4 46. Bc5 Rxh4 47. Kxh4 Kh7 48. Kg5 Bg6 49. Kf4 Bf5 50. Ke3 Kg6 51. Kd4 Be4 52. Bd6 Bf5 53. Be7 Be4 54. Bd6 Bf5 55. Be7 Be4 56. Bd6 1/2-1/2


[Site "https://www.chess.com"]

[Event "Titled Tuesday Blitz February 21 Early 2023"]
[White "Shohat, Yotam"]
[Black "Darini, Pouria"]
[WhiteFideId "2813955"]
[BlackFideId "12502200"]
[WhiteElo "2346"]
[BlackElo "2401"]
[Result "1-0"]
[Round "03"]
[TimeControl "180+2"]
[Date "2023.02.21"]
[WhiteClock "0:00:57"]
[BlackClock "0:00:28"]

1. e4 c5 2. Nf3 Nc6 3. d4 cxd4 4. Nxd4 e5 5. Nb5 d6 6. N1c3 a6 7. Na3 Be6 8. Nc4 Nf6 9. Ne3 Rc8 10. g3 Nd4 11. Bg2 h5 12. h4 g6 13. O-O Qc7 14. Ncd5 Bxd5 15. exd5 Nxc2 16. Nxc2 Qxc2 17. Bg5 Qxd1 18. Rfxd1 Nh7 19. Rac1 Rxc1 20. Rxc1 Kd7 21. f4 f6 22. fxe5 f5 23. e6+ 1-0


[Site "https://www.chess.com"]

[Event "Titled Tuesday Blitz February 21 Early 2023"]
[White "Balabayeva, Xeniya"]
[Black "Hasangatin, Ramil"]
[WhiteFideId "13719688"]
[BlackFideId "4122160"]
[WhiteElo "2191"]
[BlackElo "2457"]
[Result "0-1"]
[Round "03"]
[TimeControl "180+2"]
[Date "2023.02.21"]
[WhiteClock "0:00:07"]
[BlackClock "0:00:51"]

1. e4 d5 2. exd5 Qxd5 3. Nf3 Bg4 4. Be2 Nc6 5. d4 O-O-O 6. c4 Qf5 7. d5 Ne5 8. Nxe5 Qxe5 9. Nc3 Bxe2 10. Qxe2 Qxe2+ 11. Kxe2 g6 12. Be3 Bg7 13. Rac1 Nh6 14. Rhd1 Nf5 15. Rc2 Rhe8 16. c5 c6 17. dxc6 bxc6 18. Rxd8+ Rxd8 19. b4 Nd4+ 20. Bxd4 Rxd4 21. a3 a5 22. Na2 Kb7 23. Rd2 Ka6 24. Rxd4 Bxd4 25. a4 Kb7 26. f3 axb4 27. Nxb4 Bxc5 28. Nd3 Bd6 29. Kd2 Bxh2 30. f4 Kb6 31. Ke3 Bg1+ 32. Ke4 Ka5 33. Ne5 Kxa4 34. Nxf7 Kb3 35. Ne5 c5 36. Kd5 c4 37. Nxc4 e6+ 38. Kxe6 Kxc4 39. g4 Kd4 40. f5 g5 41. Kf6 Be3 42. Kg7 Ke4 43. Kxh7 Kf4 44. f6 Kxg4 0-1


[Site "https://www.chess.com"]